[Event "56th Rubinstein Memorial D 2020"]
[Site "Polanica Zdroj"]
[Date "2020.08.15"]
[Round "1.1"]
[White "Kozlowski, Pawel"]
[Black "Zyla, Tomasz"]
[Result "1-0"]
[ECO "A03"]
[WhiteElo "1994"]
[BlackElo "1543"]
[Annotator "ChessBase"]
[PlyCount "57"]
[EventDate "2020.08.15"]
[EventType "swiss"]
[EventCountry "POL"]
[SourceTitle "playchess.com"]
[Source "ChessBase"]
[SourceQuality "1"]
[TimeControl "40/5400+30:1800+30"]

1. f4 d5 2. Nf3 Nf6 3. b3 e6 4. Bb2 Be7 5. e3 Nbd7 6. Be2 O-O 7. O-O b6 8. Qe1 Bb7 9. Qg3 Ne8 10. Ne5 Bf6 11. d4 Nd6 12. Bd3 g6 13. Nd2 Bg7 14. Qh3 Rc8 15. Ndf3 Nxe5 16. fxe5 Nf5 17. Rae1 Qe7 18. g4 Nh6 19. Bc1 Kh8 20. e4 Ng8 21. exd5 exd5 22. Ng5 Nh6 23. Nf3 Ng8 24. Bg5 Qd7 25. Nh4 h5 26. Nf5 f6 27. e6 Qc6 28. gxh5 gxf5 29. Qxf5 1-0

[Event "56th Rubinstein Memorial D 2020"]
[Site "Polanica Zdroj"]
[Date "2020.08.15"]
[Round "1.2"]
[White "Zielinski, Marcin"]
[Black "Lukasiewicz, Aleksander"]
[Result "1-0"]
[ECO "D35"]
[WhiteElo "1534"]
[BlackElo "1960"]
[Annotator "ChessBase"]
[PlyCount "55"]
[EventDate "2020.08.15"]
[EventType "swiss"]
[EventCountry "POL"]
[SourceTitle "playchess.com"]
[Source "ChessBase"]
[SourceQuality "1"]
[TimeControl "40/5400+30:1800+30"]

1. d4 d5 2. c4 e6 3. Nc3 Nf6 4. cxd5 exd5 5. Bg5 Be7 6. e3 O-O 7. Bd3 Nbd7 8. Qc2 Re8 9. Nf3 Nf8 10. h3 c6 11. O-O Ne4 12. Bxe7 Qxe7 13. Rab1 Ng6 14. b4 Nh4 15. Nxh4 Qxh4 16. Kh2 g5 17. b5 Re6 18. Bxe4 dxe4 19. g3 Qh5 20. Qe2 Qg6 21. bxc6 Rxc6 22. Rfc1 Qf5 23. g4 Qg6 24. d5 Rf6 25. Qc2 Rf3 26. Nxe4 f5 27. Ng3 Qh6 28. Qxc8+ 1-0

[Event "56th Rubinstein Memorial D 2020"]
[Site "Polanica Zdroj"]
[Date "2020.08.15"]
[Round "1.3"]
[White "Szydelko, Michal"]
[Black "Ochenduszko, Bartosz"]
[Result "1-0"]
[ECO "C42"]
[WhiteElo "1910"]
[BlackElo "1531"]
[Annotator "ChessBase"]
[PlyCount "75"]
[EventDate "2020.08.15"]
[EventType "swiss"]
[EventCountry "POL"]
[SourceTitle "playchess.com"]
[Source "ChessBase"]
[SourceQuality "1"]
[TimeControl "40/5400+30:1800+30"]

1. e4 e5 2. Nf3 Nf6 3. Nxe5 Nc6 4. Nxc6 dxc6 5. Nc3 Bc5 6. Be2 h5 7. h3 Qd4 8. O-O Ng4 9. hxg4 hxg4 10. g3 Qe5 11. Kg2 Bxf2 12. Kxf2 Rh2+ 13. Ke3 Qxg3+ 14. Bf3 gxf3 15. Qxf3 Qg5+ 16. Qf4 Rh3+ 17. Ke2 Bg4+ 18. Ke1 Qh4+ 19. Qf2 Qh5 20. d3 O-O-O 21. Bf4 Rf3 22. Qh2 Rh3 23. Qg2 g5 24. Bg3 f5 25. exf5 Rf8 26. Kd2 Bxf5 27. Rh1 g4 28. Rxh3 Qg5+ 29. Bf4 Qxf4+ 30. Re3 Rh8 31. Rh1 Re8 32. Qg3 Qg5 33. Ne2 Bd7 34. Qf4 Qa5+ 35. b4 Qd5 36. Rxe8+ Bxe8 37. Rh8 Qe6 38. Qe4 1-0

[Event "56th Rubinstein Memorial D 2020"]
[Site "Polanica Zdroj"]
[Date "2020.08.15"]
[Round "1.4"]
[White "Szuber, Dawid"]
[Black "Szczygiel, Konrad"]
[Result "0-1"]
[ECO "B06"]
[WhiteElo "1523"]
[BlackElo "1901"]
[Annotator "ChessBase"]
[PlyCount "100"]
[EventDate "2020.08.15"]
[EventType "swiss"]
[EventCountry "POL"]
[SourceTitle "playchess.com"]
[Source "ChessBase"]
[SourceQuality "1"]
[TimeControl "40/5400+30:1800+30"]

1. e4 g6 2. d4 Bg7 3. g3 c5 4. Ne2 cxd4 5. Nxd4 d5 6. Bb5+ Bd7 7. Nc3 dxe4 8. Nxe4 Qa5+ 9. Bd2 Qb6 10. Bxd7+ Nxd7 11. Be3 O-O-O 12. O-O Ndf6 13. Nxf6 Nxf6 14. Qe2 Nd5 15. c3 Nxe3 16. fxe3 f5 17. Rfe1 e5 18. Qc4+ Kb8 19. Nb3 Bh6 20. Qc5 Qxc5 21. Nxc5 Rd2 22. e4 f4 23. Rad1 Rhd8 24. Rxd2 Rxd2 25. a4 f3 26. Kh1 b6 27. Na6+ Kb7 28. Nb4 Rxb2 29. Nd3 Re2 30. Rxe2 fxe2 31. Kg2 Bd2 32. Kf2 e1=Q+ 33. Nxe1 Bxe1+ 34. Kxe1 Ka6 35. Ke2 Ka5 36. Kd3 Kxa4 37. Kc4 b5+ 38. Kd5 a5 39. Kxe5 b4 40. cxb4 axb4 41. Kf6 b3 42. e5 b2 43. e6 b1=Q 44. e7 Qf5+ 45. Kg7 Qe6 46. Kf8 Qf6+ 47. Ke8 Kb5 48. Kd8 Kc6 49. Ke8 Kd6 50. g4 Qxe7# 0-1

[Event "56th Rubinstein Memorial D 2020"]
[Site "Polanica Zdroj"]
[Date "2020.08.15"]
[Round "1.5"]
[White "Darowicki, Mariusz"]
[Black "Ratajczak, Hubert"]
[Result "1-0"]
[ECO "A48"]
[WhiteElo "1890"]
[BlackElo "1513"]
[Annotator "NA"]
[PlyCount "120"]
[EventDate "2020.08.15"]
[EventType "swiss"]
[EventCountry "POL"]
[SourceTitle "playchess.com"]
[Source "ChessBase"]
[SourceQuality "1"]
[TimeControl "40/5400+30:1800+30"]

1. d4 Nf6 2. Nf3 g6 3. h4 Bg7 4. Bg5 d5 5. Bxf6 exf6 6. h5 O-O 7. h6 Bh8 8. e3 Be6 9. Nbd2 f5 10. c3 Nd7 11. Be2 c6 12. g3 Bf6 13. Kf1 Qc7 14. Kg2 Rfe8 15. Rc1 Nb6 16. b3 Re7 17. Qc2 a5 18. c4 Rae8 19. c5 Nd7 20. Rb1 Nb8 21. b4 axb4 22. Rxb4 Na6 23. Rb6 Bc8 24. Bxa6 bxa6 25. Qa4 Re6 26. Qc2 f4 27. gxf4 Bd8 28. Nf1 f6 29. Ng3 Qd7 30. Rbb1 R6e7 31. Qa4 Bc7 32. Rbg1 Kh8 33. Qc2 Rg8 34. Rh2 g5 35. fxg5 Bxg3 36. fxg3 Rxe3 37. Rf1 Qc7 38. Qf2 Re6 39. Re1 Qf7 40. Rxe6 Qxe6 41. gxf6 Qxf6 42. Ne5 Bf5 43. g4 Be4+ 44. Kg3 Bf5 45. Rh5 Qe6 46. Qxf5 Qxf5 47. Rxf5 Rb8 48. Nd7 Rd8 49. Rf8+ Rxf8 50. Nxf8 Kg8 51. Ne6 a5 52. Nd8 a4 53. Nxc6 Kf7 54. Ne5+ Ke6 55. c6 Kd6 56. g5 a3 57. g6 hxg6 58. h7 Ke6 59. h8=Q Kf5 60. Kf3 Kg5 1-0

[Event "56th Rubinstein Memorial D 2020"]
[Site "Polanica Zdroj"]
[Date "2020.08.15"]
[Round "1.6"]
[White "Klisowski, Bartosz"]
[Black "Lewandrowski, Tomasz"]
[Result "0-1"]
[ECO "A04"]
[WhiteElo "1509"]
[BlackElo "1879"]
[Annotator "NA"]
[PlyCount "64"]
[EventDate "2020.08.15"]
[EventType "swiss"]
[EventCountry "POL"]
[SourceTitle "playchess.com"]
[Source "ChessBase"]
[SourceQuality "1"]
[TimeControl "40/5400+30:1800+30"]

1. Nf3 c5 2. g3 d6 3. c4 Nf6 4. Bg2 g6 5. Nc3 Bg7 6. O-O O-O 7. d3 Nc6 8. Rb1 Rb8 9. a3 a5 10. Bd2 Bg4 11. Ne1 Qd7 12. Nc2 Bh3 13. b4 Bxg2 14. Kxg2 axb4 15. axb4 Nd4 16. Nxd4 cxd4 17. Nb5 d5 18. Bf4 Rbd8 19. Qc2 dxc4 20. dxc4 Rc8 21. Rbc1 Nd5 22. Qd2 e5 23. Bh6 Bxh6 24. Qxh6 Nxb4 25. Qd2 Na6 26. Rfd1 Rxc4 27. Qd3 Qc6+ 28. Qf3 Rxc1 29. Rxc1 Qxb5 30. Qe4 Rd8 31. Rb1 Qc6 32. Qxc6 bxc6 0-1

[Event "56th Rubinstein Memorial D 2020"]
[Site "Polanica Zdroj"]
[Date "2020.08.15"]
[Round "1.7"]
[White "Simon, Marek"]
[Black "Bednarczyk, Mateusz"]
[Result "1-0"]
[ECO "E97"]
[WhiteElo "1878"]
[BlackElo "1506"]
[Annotator "NA"]
[PlyCount "41"]
[EventDate "2020.08.15"]
[EventType "swiss"]
[EventCountry "POL"]
[SourceTitle "playchess.com"]
[Source "ChessBase"]
[SourceQuality "1"]
[TimeControl "40/5400+30:1800+30"]

1. d4 Nf6 2. c4 g6 3. Nc3 Bg7 4. e4 O-O 5. Nf3 d6 6. Be2 e5 7. O-O Nc6 8. d5 Ne7 9. b4 Nd7 10. a4 f5 11. Ng5 Nf6 12. Bf3 f4 13. c5 h6 14. Ne6 Bxe6 15. dxe6 dxc5 16. bxc5 c6 17. Rb1 Rb8 18. Qd6 Qxd6 19. cxd6 Nc8 20. d7 Ne7 21. Ba3 1-0

[Event "56th Rubinstein Memorial D 2020"]
[Site "Polanica Zdroj"]
[Date "2020.08.15"]
[Round "1.8"]
[White "Bukala, Weronika"]
[Black "Pyka, Roman"]
[Result "0-1"]
[ECO "E30"]
[WhiteElo "1504"]
[BlackElo "1873"]
[Annotator "NA"]
[PlyCount "88"]
[EventDate "2020.08.15"]
[EventType "swiss"]
[EventCountry "POL"]
[SourceTitle "playchess.com"]
[Source "ChessBase"]
[SourceQuality "1"]
[TimeControl "40/5400+30:1800+30"]

1. d4 e6 2. c4 Nf6 3. Nc3 Bb4 4. Bg5 c5 5. Nf3 cxd4 6. Qxd4 Nc6 7. Qf4 Bxc3+ 8. bxc3 h6 9. Qh4 O-O 10. Bd2 d5 11. cxd5 exd5 12. Rd1 Ne4 13. Qh5 Qf6 14. Rc1 Bf5 15. g4 Bg6 16. Qh4 Qxh4 17. Nxh4 Nxd2 18. Kxd2 Be4 19. f3 Bh7 20. e3 Ne5 21. Ke2 Rac8 22. Kf2 Rc5 23. Be2 Ra5 24. f4 Nd3+ 25. Bxd3 Bxd3 26. Rhd1 Rxa2+ 27. Kg3 Be4 28. Nf5 Bxf5 29. gxf5 Re8 30. Re1 Ra3 31. Rc2 Rc8 32. Rec1 Rc6 33. Kf3 Rf6 34. Kg4 Rc6 35. Kf3 Kf8 36. Ke2 Rf6 37. Rb1 b6 38. Rb5 Rxf5 39. c4 Rh5 40. Kf3 Rh3+ 41. Kg4 Rhxe3 42. cxd5 Rac3 43. Ra2 Rc7 44. f5 Rc4+ 0-1

[Event "56th Rubinstein Memorial D 2020"]
[Site "Polanica Zdroj"]
[Date "2020.08.15"]
[Round "1.9"]
[White "Janicki, Rafal"]
[Black "Karalchuk, Alieksej"]
[Result "1-0"]
[ECO "B30"]
[WhiteElo "1851"]
[BlackElo "1493"]
[Annotator "NA RC"]
[PlyCount "147"]
[EventDate "2020.08.15"]
[EventType "swiss"]
[EventCountry "POL"]
[SourceTitle "playchess.com"]
[Source "ChessBase"]
[SourceQuality "1"]
[TimeControl "40/5400+30:1800+30"]

1. e4 c5 2. Nf3 Nc6 3. d3 g6 4. Nbd2 Bg7 5. g3 d6 6. Bg2 Bg4 7. O-O Qd7 8. Re1 Nf6 9. c3 O-O 10. Nf1 Ne5 11. Nxe5 dxe5 12. f3 Be6 13. Be3 Rac8 14. Qe2 Rfd8 15. Red1 b6 16. Bf2 Qb5 17. Ne3 Qd7 18. g4 Rc6 19. Bg3 Rd6 20. d4 cxd4 21. cxd4 Rxd4 22. Bxe5 Rd2 23. Qe1 Bh6 24. Rxd2 Qxd2 25. Qxd2 Rxd2 26. Nf1 Rd3 27. Kf2 Nd7 28. Bc3 Bf4 29. Re1 Nc5 30. Bb4 Bxa2 31. Ra1 Bb3 32. Rxa7 e5 33. Ra8+ Kg7 34. Rb8 Na4 35. Bf8+ Kf6 36. h4 g5 37. hxg5+ Bxg5 38. Re8 Rd7 39. Rb8 Bc4 40. Bb4 Be6 41. Ng3 Bh4 42. Bf1 Nxb2 43. Rxb6 Kg5 44. Kg2 Nd1 45. Bb5 Rc7 46. Bd2+ Kg6 47. Be8 Kg7 48. Ba4 Ra7 49. Bxd1 Ra1 50. Be2 Ra2 51. Nf1 Bd8 52. Rb8 Be7 53. Kf2 Bh4+ 54. Kg2 Be7 55. Rb7 Bc5 56. Rb1 Kg6 57. Rc1 Bd4 58. Bc4 Bxc4 59. Rxc4 Ra6 60. Kg3 Ra1 61. Rc6+ f6 62. Kg2 Ra2 63. Rc1 Bb6 64. Rd1 Rc2 65. Kg3 Ra2 66. Be3 Ba5 67. Bf2 Rb2 68. Rd7 Rb1 69. Ne3 Rb8 70. Nf5 Rg8 71. Nh4+ Kh6 72. Be3+ Rg5 73. Nf5+ Kg6 74. Rg7# 1-0

[Event "56th Rubinstein Memorial D 2020"]
[Site "Polanica Zdroj"]
[Date "2020.08.15"]
[Round "1.10"]
[White "Garwacki, Kornel"]
[Black "Szmidt, Przemyslaw"]
[Result "1/2-1/2"]
[ECO "B03"]
[WhiteElo "1492"]
[BlackElo "1831"]
[Annotator "NA"]
[PlyCount "43"]
[EventDate "2020.08.15"]
[EventType "swiss"]
[EventCountry "POL"]
[SourceTitle "playchess.com"]
[Source "ChessBase"]
[SourceQuality "1"]
[TimeControl "40/5400+30:1800+30"]

1. e4 Nf6 2. e5 Nd5 3. c4 Nb6 4. d4 d6 5. exd6 cxd6 6. Nf3 g6 7. b3 Bg7 8. Bb2 O-O 9. Be2 Nc6 10. O-O e5 11. dxe5 dxe5 12. Nc3 e4 13. Nd2 Re8 14. Ndxe4 Qxd1 15. Raxd1 Rxe4 16. Nxe4 Bxb2 17. Rfe1 Bf5 18. Bd3 Rd8 19. Nc5 Bc8 20. Be4 Rf8 21. Bxc6 bxc6 22. Rd6 1/2-1/2

[Event "56th Rubinstein Memorial D 2020"]
[Site "Polanica Zdroj"]
[Date "2020.08.15"]
[Round "1.11"]
[White "Wawrzyniak, Pawel"]
[Black "Jurkowska, Magdalena"]
[Result "1/2-1/2"]
[ECO "D55"]
[WhiteElo "1824"]
[BlackElo "1465"]
[Annotator "NA"]
[PlyCount "51"]
[EventDate "2020.08.15"]
[EventType "swiss"]
[EventCountry "POL"]
[SourceTitle "playchess.com"]
[Source "ChessBase"]
[SourceQuality "1"]
[TimeControl "40/5400+30:1800+30"]

1. d4 d5 2. c4 e6 3. Nc3 Nf6 4. Bg5 Be7 5. e3 O-O 6. Nf3 b6 7. cxd5 exd5 8. Be2 Be6 9. O-O c5 10. Ne5 Ne4 11. Bf4 Nxc3 12. bxc3 f6 13. Nf3 c4 14. Nd2 Nc6 15. e4 Na5 16. Bg4 f5 17. exf5 Bxf5 18. Bxf5 Rxf5 19. Qg4 Qf8 20. Be5 Qf7 21. f4 Rf8 22. Rae1 Nc6 23. Qd1 Qg6 24. Nf3 b5 25. Qb1 a6 26. Kh1 1/2-1/2

[Event "56th Rubinstein Memorial D 2020"]
[Site "Polanica Zdroj"]
[Date "2020.08.15"]
[Round "1.12"]
[White "Ciborowski, Konrad Jr"]
[Black "Podgorski, Maciej"]
[Result "0-1"]
[ECO "B90"]
[WhiteElo "1464"]
[BlackElo "1810"]
[Annotator "NA"]
[PlyCount "94"]
[EventDate "2020.08.15"]
[EventType "swiss"]
[EventCountry "POL"]
[SourceTitle "playchess.com"]
[Source "ChessBase"]
[SourceQuality "1"]
[TimeControl "40/5400+30:1800+30"]

1. e4 c5 2. Nf3 d6 3. d4 cxd4 4. Nxd4 Nf6 5. Nc3 a6 6. f3 e5 7. Nb3 Be6 8. Be3 Be7 9. Qd2 O-O 10. g4 Nbd7 11. g5 Nh5 12. O-O-O b5 13. Kb1 Nb6 14. Qf2 Na4 15. Nxa4 bxa4 16. Nc5 a3 17. b3 Nf4 18. Bxf4 exf4 19. h4 Qb6 20. Nd3 Qxf2 21. Nxf2 f5 22. Rd4 Rf7 23. exf5 Rxf5 24. Bh3 Re5 25. Bxe6+ Rxe6 26. Rxf4 Re2 27. Nd3 Rc8 28. Rc1 Rf8 29. Rxf8+ Kxf8 30. Re1 Rh2 31. Re4 h6 32. Kc1 hxg5 33. hxg5 Bxg5+ 34. f4 Bf6 35. Re1 Bc3 36. Rf1 Kf7 37. Nf2 d5 38. Kd1 g6 39. Ke2 Bd4 40. Kf3 Ke6 41. Kg3 Rxf2 42. Rxf2 Bxf2+ 43. Kxf2 d4 44. Kf3 Kd5 45. b4 Kc4 46. Ke4 Kc3 47. Kd5 Kb2 0-1

[Event "56th Rubinstein Memorial D 2020"]
[Site "Polanica Zdroj"]
[Date "2020.08.15"]
[Round "1.13"]
[White "Szczygiel, Jakub"]
[Black "Kuska, Bartosz"]
[Result "1-0"]
[ECO "A84"]
[WhiteElo "1802"]
[BlackElo "1463"]
[Annotator "NA"]
[PlyCount "59"]
[EventDate "2020.08.15"]
[EventType "swiss"]
[EventCountry "POL"]
[SourceTitle "playchess.com"]
[Source "ChessBase"]
[SourceQuality "1"]
[TimeControl "40/5400+30:1800+30"]

1. d4 e6 2. c4 f5 3. Nc3 Nf6 4. g3 Be7 5. Bg2 d5 6. e3 c6 7. Nge2 O-O 8. O-O Qe8 9. b3 g5 10. f3 Qg6 11. Qd3 g4 12. Nf4 Qg7 13. fxg4 Nxg4 14. cxd5 exd5 15. Qe2 Bf6 16. h3 Nh6 17. Nh5 Qg6 18. Qf3 Kh8 19. Ne2 Be6 20. Ba3 Re8 21. g4 Bg5 22. Qg3 fxg4 23. Qe5+ Kg8 24. Nf6+ Bxf6 25. Rxf6 Bf7 26. Rxg6+ Bxg6 27. Qg5 Nf5 28. Nf4 Kg7 29. hxg4 Nxe3 30. Nh5+ 1-0

[Event "56th Rubinstein Memorial D 2020"]
[Site "Polanica Zdroj"]
[Date "2020.08.15"]
[Round "1.14"]
[White "Perek, Oskar"]
[Black "Sypien, Natan"]
[Result "0-1"]
[ECO "C45"]
[WhiteElo "1447"]
[BlackElo "1794"]
[Annotator "NA"]
[PlyCount "52"]
[EventDate "2020.08.15"]
[EventType "swiss"]
[EventCountry "POL"]
[SourceTitle "playchess.com"]
[Source "ChessBase"]
[SourceQuality "1"]
[TimeControl "40/5400+30:1800+30"]

1. e4 e5 2. Nf3 Nc6 3. d4 exd4 4. Nxd4 Nf6 5. Nxc6 bxc6 6. e5 Qe7 7. Qe2 Nd5 8. c4 Nb6 9. b3 g6 10. Ba3 d6 11. f4 Bg7 12. Nd2 O-O 13. O-O-O a5 14. Nf3 a4 15. Qc2 Rd8 16. Bd3 Bg4 17. exd6 cxd6 18. h3 Bxf3 19. gxf3 Qe3+ 20. Kb1 axb3 21. Qxb3 Rdb8 22. Bxd6 Nd7 23. Bxb8 Rxb8 24. Qxb8+ Nxb8 25. Rhe1 Qb6+ 26. Kc2 Qb2# 0-1

[Event "56th Rubinstein Memorial D 2020"]
[Site "Polanica Zdroj"]
[Date "2020.08.15"]
[Round "1.15"]
[White "Borowski, Przemyslaw"]
[Black "Stachowiak, Bruno"]
[Result "1-0"]
[ECO "A25"]
[WhiteElo "1790"]
[BlackElo "1440"]
[Annotator "NA"]
[PlyCount "57"]
[EventDate "2020.08.15"]
[EventType "swiss"]
[EventCountry "POL"]
[SourceTitle "playchess.com"]
[Source "ChessBase"]
[SourceQuality "1"]
[TimeControl "40/5400+30:1800+30"]

1. c4 e5 2. Nc3 Nc6 3. g3 Nf6 4. Bg2 d6 5. d3 Be7 6. Nf3 O-O 7. O-O Be6 8. Ng5 d5 9. Nxe6 fxe6 10. Bh3 Nd4 11. e3 Nf5 12. cxd5 Nxd5 13. e4 Nxc3 14. bxc3 Nd6 15. Bxe6+ Kh8 16. f4 Nb5 17. Bb2 Bc5+ 18. Kh1 exf4 19. gxf4 Qh4 20. f5 Bd6 21. Qe2 Bf4 22. Rg1 h5 23. c4 Bh6 24. Rg6 Kh7 25. cxb5 Rae8 26. Rag1 c6 27. Rxg7+ Bxg7 28. Rxg7+ Kh6 29. Qe3+ 1-0

[Event "56th Rubinstein Memorial D 2020"]
[Site "Polanica Zdroj"]
[Date "2020.08.15"]
[Round "1.16"]
[White "Olsztynski, Andrzej"]
[Black "Gromczak, Dariusz"]
[Result "0-1"]
[ECO "B00"]
[WhiteElo "1400"]
[BlackElo "1785"]
[Annotator "NA"]
[PlyCount "56"]
[EventDate "2020.08.15"]
[EventType "swiss"]
[EventCountry "POL"]
[SourceTitle "playchess.com"]
[Source "ChessBase"]
[SourceQuality "1"]
[TimeControl "40/5400+30:1800+30"]

1. e4 b6 2. Nf3 Bb7 3. Nc3 g6 4. d4 Bg7 5. Bc4 e6 6. d5 Ne7 7. dxe6 fxe6 8. e5 O-O 9. Bg5 Bxf3 10. gxf3 Nbc6 11. f4 h6 12. Bxe7 Qxe7 13. Qg4 Qb4 14. Bd3 Nxe5 15. Qg3 Qxf4 16. Qxf4 Nxd3+ 17. cxd3 Bxc3+ 18. bxc3 Rxf4 19. Ke2 Raf8 20. Raf1 Ra4 21. Ra1 Rf5 22. Rhg1 Kf7 23. Rg3 Rfa5 24. Rag1 g5 25. c4 Rxa2+ 26. Ke3 Re5+ 27. Kd4 Rf5 28. h4 Rf4+ 0-1

[Event "56th Rubinstein Memorial D 2020"]
[Site "Polanica Zdroj"]
[Date "2020.08.15"]
[Round "1.17"]
[White "Ciechonski, Piotr"]
[Black "Sidlo, Szymon"]
[Result "1/2-1/2"]
[ECO "C00"]
[WhiteElo "1774"]
[BlackElo "1396"]
[Annotator "NA"]
[PlyCount "102"]
[EventDate "2020.08.15"]
[EventType "swiss"]
[EventCountry "POL"]
[SourceTitle "playchess.com"]
[Source "ChessBase"]
[SourceQuality "1"]
[TimeControl "40/5400+30:1800+30"]

1. e4 e6 2. Qe2 Nc6 3. Nf3 Nf6 4. g3 d5 5. e5 Nd7 6. d4 Be7 7. Bg2 b6 8. h4 Bb7 9. c3 Na5 10. O-O c5 11. Bf4 Qc8 12. Nbd2 Ba6 13. Qe3 Bxf1 14. Bxf1 c4 15. Bh3 h6 16. h5 b5 17. a3 Qd8 18. Re1 Nf8 19. g4 Nh7 20. Nf1 Ng5 21. Bg2 Nxf3+ 22. Qxf3 Bg5 23. Bg3 Nb3 24. Qd1 a5 25. f4 Bh4 26. Kh2 Bxg3+ 27. Kxg3 g6 28. hxg6 fxg6 29. Qc2 Kf7 30. Ne3 h5 31. g5 b4 32. Bh3 bxa3 33. bxa3 Qe7 34. Rf1 Rhf8 35. Ng2 Rg8 36. Ne3 Rae8 37. Kh4 Ref8 38. Qg2 Kg7 39. Qc2 Re8 40. a4 Ref8 41. Bg2 Qa3 42. Nxd5 exd5 43. Bxd5 Qxa4 44. Bxg8 Rxg8 45. f5 Qd7 46. e6 Qd6 47. fxg6 Rf8 48. Rf7+ Rxf7 49. exf7 Qf4+ 50. Kxh5 Qf3+ 51. Kh4 Qf4+ 1/2-1/2

[Event "56th Rubinstein Memorial D 2020"]
[Site "Polanica Zdroj"]
[Date "2020.08.15"]
[Round "1.18"]
[White "Grzebieniowski, Michal"]
[Black "Lisiecki, Robert"]
[Result "1-0"]
[ECO "A52"]
[WhiteElo "1390"]
[BlackElo "1749"]
[Annotator "NA"]
[PlyCount "113"]
[EventDate "2020.08.15"]
[EventType "swiss"]
[EventCountry "POL"]
[SourceTitle "playchess.com"]
[Source "ChessBase"]
[SourceQuality "1"]
[TimeControl "40/5400+30:1800+30"]

1. d4 Nf6 2. c4 e5 3. dxe5 Ng4 4. Nf3 Nc6 5. Bf4 Bb4+ 6. Nc3 Qe7 7. Qd5 f6 8. exf6 Nxf6 9. Qd3 d6 10. e3 O-O 11. Be2 Bxc3+ 12. Qxc3 Ne4 13. Qb3 Nc5 14. Qc3 a5 15. Bg5 Qf7 16. O-O Bg4 17. Bf4 Bxf3 18. Bxf3 Qg6 19. Rad1 a4 20. Rd5 Ne6 21. Bg3 Ne7 22. Rdd1 Rxf3 23. gxf3 Ng5 24. e4 Rf8 25. Rd3 Qh5 26. f4 Nxe4 27. Qd4 Nf6 28. Qe3 Nf5 29. Qa7 Qg4 30. Qxb7 h5 31. Qg2 Qg6 32. h3 Nh4 33. Bxh4 Qxd3 34. Re1 Qxc4 35. Re7 Ne8 36. Qg6 Qc1+ 37. Kg2 Qxf4 38. Bg3 Qf3+ 39. Kh2 Qf6 40. Qe4 Qxb2 41. Qe6+ Kh7 42. Qe4+ Kg8 43. Qd5+ Kh8 44. Qxh5+ Kg8 45. Rxe8 Qxa2 46. Rxf8+ Kxf8 47. Qf5+ Kg8 48. Qc8+ Kh7 49. Qxc7 d5 50. Qf7 Qb2 51. Qxd5 a3 52. Qf5+ Kh8 53. Be5 Qb7 54. Qf8+ Kh7 55. Qxa3 g6 56. Qf8 Qa7 57. Qh8# 1-0

[Event "56th Rubinstein Memorial D 2020"]
[Site "Polanica Zdroj"]
[Date "2020.08.15"]
[Round "1.19"]
[White "Bienkowski, Zbigniew"]
[Black "Tavernier, Loris"]
[Result "1-0"]
[ECO "B50"]
[WhiteElo "1739"]
[BlackElo "1390"]
[Annotator "NA"]
[PlyCount "50"]
[EventDate "2020.08.15"]
[EventType "swiss"]
[EventCountry "POL"]
[SourceTitle "playchess.com"]
[Source "ChessBase"]
[SourceQuality "1"]
[TimeControl "40/5400+30:1800+30"]

1. e4 c5 2. Nf3 d6 3. h3 Nc6 4. c3 e6 5. d4 cxd4 6. cxd4 d5 7. exd5 Qxd5 8. Nc3 Bb4 9. Bd3 Nge7 10. Bd2 Qd8 11. O-O Nxd4 12. Nxd4 Qxd4 13. Be3 Qd8 14. Qc2 Bd7 15. Rfd1 Bxc3 16. bxc3 a6 17. Bd4 f6 18. Bc5 Rc8 19. Ba3 Qa5 20. Bb4 Qg5 21. Be4 Nc6 22. Qd3 Rd8 23. Bxc6 Bxc6 24. Qxd8+ Kf7 25. Qd4 Be4 1-0

[Event "56th Rubinstein Memorial D 2020"]
[Site "Polanica Zdroj"]
[Date "2020.08.15"]
[Round "1.20"]
[White "Walkowski, Tobiasz"]
[Black "Kalkowski, Igor"]
[Result "0-1"]
[ECO "B20"]
[WhiteElo "1353"]
[BlackElo "1729"]
[Annotator "NA"]
[PlyCount "90"]
[EventDate "2020.08.15"]
[EventType "swiss"]
[EventCountry "POL"]
[SourceTitle "playchess.com"]
[Source "ChessBase"]
[SourceQuality "1"]
[TimeControl "40/5400+30:1800+30"]

1. e4 c5 2. d3 Nc6 3. Nd2 g6 4. g3 Bg7 5. Bg2 d6 6. Ngf3 e5 7. O-O Nge7 8. Re1 O-O 9. Nf1 d5 10. Ne3 d4 11. Nf1 h6 12. Bd2 Be6 13. h4 Rc8 14. N1h2 Qd7 15. Qc1 Kh7 16. Kh1 b5 17. Ng1 c4 18. f4 cxd3 19. cxd3 Nb4 20. Bxb4 Rxc1 21. Raxc1 Rb8 22. Rc5 Nc6 23. Bd2 Bf8 24. Rc2 Bxa2 25. Rec1 Rb6 26. b4 Bb3 27. Rb2 Be6 28. Rbc2 Nxb4 29. Rc7 Qe8 30. Bxb4 Bxb4 31. Rxa7 Bc3 32. Ne2 Qb8 33. Re7 Bb2 34. Rc2 Ba3 35. Rec7 Bd6 36. R7c6 Rxc6 37. Rxc6 Bd7 38. Rc1 b4 39. fxe5 Bxe5 40. Nf1 b3 41. Nd2 b2 42. Rb1 Be6 43. Nc4 Bxc4 44. dxc4 Qb3 45. c5 Qc2 0-1

[Event "56th Rubinstein Memorial D 2020"]
[Site "Polanica Zdroj"]
[Date "2020.08.16"]
[Round "2.1"]
[White "Kalkowski, Igor"]
[Black "Kozlowski, Pawel"]
[Result "1-0"]
[ECO "A40"]
[WhiteElo "1747"]
[BlackElo "1913"]
[Annotator "ChessBase"]
[PlyCount "129"]
[EventDate "2020.08.15"]
[EventType "swiss"]
[EventCountry "POL"]
[SourceTitle "playchess.com"]
[Source "ChessBase"]
[SourceQuality "1"]
[TimeControl "40/5400+30:1800+30"]

1. d4 e6 2. c4 f5 3. Nf3 Nf6 4. Nc3 Bb4 5. Bf4 O-O 6. e3 b6 7. Bd3 Bb7 8. Qc2 d6 9. Rg1 Nbd7 10. O-O-O Bxc3 11. bxc3 Qe7 12. Nd2 e5 13. Bg5 e4 14. Be2 h6 15. Bf4 g5 16. Bg3 Ne8 17. h4 g4 18. Bf4 h5 19. f3 Ng7 20. Bg5 Qe8 21. f4 a6 22. Nf1 Qf7 23. Qb3 Kh7 24. Kd2 Kg6 25. g3 Nb8 26. Ke1 Nc6 27. Kf2 Rfb8 28. Nd2 Bc8 29. Qa3 b5 30. Rb1 Ne7 31. Nb3 Ne6 32. d5 Nxg5 33. hxg5 bxc4 34. Bxc4 Bb7 35. Nd4 Bxd5 36. Rxb8 Rxb8 37. Bxa6 Bxa2 38. Nb5 c5 39. Nxd6 Qd5 40. Be2 Ra8 41. c4 Qc6 42. Qc3 Qxd6 43. Rd1 Qe6 44. Rd2 Bb1 45. Rb2 Bd3 46. Bxd3 exd3 47. Qxd3 Ra6 48. Qd8 Rd6 49. Qe8+ Qf7 50. Qh8 Qg7 51. Qe8+ Qf7 52. Qh8 Qg7 53. Qe8+ Qf7 54. Qh8 Qxc4 55. Qh6+ Kf7 56. Qxd6 Qc3 57. Ra2 h4 58. gxh4 g3+ 59. Kg2 Qc4 60. Qf6+ Ke8 61. Ra8+ Kd7 62. Ra7+ Kc8 63. Qh8+ Ng8 64. Qxg8+ Qxg8 65. Ra8+ 1-0